AoeStats
← Clown baby

Arabia

511033028Analyzed
2v2 RM · 6h ago on Oct 3, 2026· 35m 55s· 4 players
Game mode
Random Map
Map size
Medium (4 player)
Population
200
Speed
Normal
Resources
Standard
Victory
Conquest
Starting age
Dark Age
Ending age
Imperial Age
RankedLock teamsTeams togetherTeam positionsShared explorationLock speedFull tech treeHidden civsTurbo modeCheats
Victory
Defeat
🇮🇳 Huns · India
1404
+13
🇳🇱 Wei · Netherlands
1395
+13
🇹🇼 Malians · Taiwan
1368
-14
🇹🇼 Varangians · Taiwan
1304
-12
Magnata
12:08 Feudal Age
12:35 Loom
15:58 Castle Age
13:56 Double-Bit Axe
14:48 Fletching
14:49 Horse Collar
16:51 Bow Saw
23:10 Bodkin Arrow
24:17 Padded Archer Armor
32:04 Husbandry
Clown baby
4:57 Loom
9:55 Feudal Age
10:35 Double-Bit Axe
11:58 Horse Collar
16:22 Gold Mining
16:22 Stone Mining
17:58 Town Watch
21:06 Castle Age
20:13 Bloodlines
20:38 Forging
21:28 Scale Barding Armor
22:07 Bow Saw
22:22 Heavy Plow
26:54 Wheelbarrow
27:44 Gold Shaft Mining
28:54 Chain Barding Armor
30:31 Stone Shaft Mining
30:09 Husbandry
30:40 Hand Cart
32:42 Iron Casting
32:00 Fletching
winston
6:59 Loom
9:22 Feudal Age
10:01 Double-Bit Axe
19:23 Castle Age
18:51 Horse Collar
19:26 Gold Mining
19:50 Scale Barding Armor
20:46 Bow Saw
21:03 Forging
21:42 Husbandry
24:26 Chain Barding Armor
26:06 Bloodlines
32:52 Forging
33:51 Heavy Plow
35:42 Stone Mining
Gogogo
7:01 Loom
9:14 Feudal Age
9:44 Double-Bit Axe
14:51 Fletching
15:37 Padded Archer Armor
18:12 Wheelbarrow
23:26 Castle Age
22:25 Horse Collar
22:41 Gold Mining
24:02 Bodkin Arrow
23:45 Crossbowman
Connection lost

Rejoining the realm…

Still unreachable

The connection could not be restored.

Session expired

The server has moved on; the page needs a fresh start.